Merl, neutral female human Valkyrie -- --- ---- --.-- --- . ---..| |....--.-- . -- |....| -.......--- | .- --.--....-- --- --- ---.......| .| -.| |.........| --.-----.--------......---- ..| |.| --........| |....[..........|-----....-- ...- |.| ----....--- --.---......-.-.-- |.....--- ---... |.| --....|.. --- |-..........| |....^..---.... |.| |.....|.- --.*.........-- --..........---.. ----|.| --......| -.............| |.....d....|..- ---..||.| ---.....-| |.....---..--.-- ---....@d......----------....--.| |........---- --....| |..-------.....i`......N.....(.B^.(*.....| ---.--..).....| --------...|---..........--------------.).).^...--|.........)...--- |....--............-- -....[.........|.--.|..........| |......)^..--..<....| --........--.|....|-.........-- --.................-- |.........|....---...|.--....-- --........---..--.| --........|-...|-..-------....-- ----...--- ...|--- --....|.--|..-|..- |.....| --.-- --.-- ---.---- ----|. ---.--- --- --- --- -- --- Merl the Skirmisher Experience level: 5 Strength: 18/04 Dexterity: 12 Constitution: 18 Intelligence: 8 Wisdom: 8 Charisma: 8 Health: 0(44) Energy: 10(10) Def: 0 Gold: 385 Moves: 2309 Dungeon seed: pGisa6DVvwqv8bPi Game ID: Merl_1525021829 Your Inventory: Coins $ - 385 gold pieces Weapons a - a +1 long sword (weapon in hand) b - a +0 dagger Armor e - an uncursed +3 small shield n - a blessed +0 cloak of protection q - a blessed +0 gray dragon scale mail z - an uncursed +0 dwarvish iron helm (in quiver) N - an uncursed +0 pair of iron shoes Scrolls g - an uncursed scroll of confuse monster k - an uncursed scroll of enchant weapon Spellbooks p - an uncursed spellbook of force bolt Potions f - a blessed potion of gain energy o - a cursed potion of sleeping r - a cursed potion of see invisible t - an uncursed potion of levitation x - an uncursed potion of gain ability A - an uncursed potion of sickness Wands m - a wand of striking (0:4) Tools d - an uncursed towel h - an uncursed bell Spells and supernatural/magical abilities: Name Level Category Fail Memory W - pray for help -- divine ? -- Your skills at the end: Fighting Skills Weapon Skills dagger [Basic] long sword [Basic] Spellcasting Skills Final Attributes: You were piously aligned. You were cold resistant. You were stealthy. You aggravated monsters. You were a werejackal. You were unlucky. You are dead. Vanquished creatures: a bugbear a pony 4 gnome lords a gnomish wizard a kobold mummy 2 little dogs 4 dwarves 2 rothes a wererat an iguana a hobbit a large kobold 4 hobgoblins 2 giant rats a yellow mold a red mold 16 gnomes 2 geckos 6 jackals a fox 2 kobolds a goblin a sewer rat a grid bug 4 lichens 5 newts 67 creatures vanquished. Voluntary challenges: You used a wielded weapon 54 times, starting on turn 53. You were illiterate. You never genocided any monsters. You never polymorphed an object. You changed form 5 times, starting on turn 1752. You used 1 wish, starting on turn 1098. You did not wish for any artifacts. You never split a pudding. You never wrote Elbereth's name. You never violated your personal moral code. Dungeon overview: The Dungeons of Doom: levels 1 to 5 Level 1 a long staircase Level 2 a general store stairs to The Gnomish Mines Level 3 Level 4 (closed shop) a fountain Level 5 The Gnomish Mines: levels 3 to 4 Level 3 stairs to The Dungeons of Doom Level 4 <- You were here History has recorded: On T:1 you entered the Dungeons of Doom to retrieve the Amulet of Yendor! On T:277 you reached level 2 of The Dungeons of Doom. On T:419 you reached level 1 of The Gnomish Mines. On T:542 you reached level 3 of The Dungeons of Doom. On T:677 you advanced to experience level 2. On T:753 you reached level 4 of The Dungeons of Doom. On T:957 you reached level 5 of The Dungeons of Doom. On T:1077 you advanced to experience level 3. On T:1098 you wished for "blessed +2 gray dragon scale mail". On T:1283 you advanced to experience level 4. On T:1751 you advanced to experience level 5. On T:1796 you reached level 2 of The Gnomish Mines. Score breakdown: Gold: 385 ( 8798 points) Experience: 5 levels (11141 points) Exploration: 5 levels ( 10.64%) ( 8846 points) Discoveries: 3 items ( 1.22%) ( 3312 points) Valuables value: (no points given unless you survive) Artifact value: 0 ( 0 points) Variety of kills: 26 monsters ( 6.82%) ( 7836 points) Turncount: 2309 turns ( -213 points) Survival: died (score multiplied by 80%) Total score: 31776 Latest messages: The imp hits! The jackal bites the imp. The imp hits the jackal. You miss the imp. The imp hits! You miss the imp. The imp hits! You hit the imp! You start equipping your gray dragon scale mail. You stop changing your equipment. You miss the imp. The imp hits! You miss the imp. The imp hits! You miss the imp. The imp hits! You miss the imp. The imp hits! You miss the imp. The imp hits! You die... Final status: Farvel Merl the Valkyrie, killed by an imp... You died in The Gnomish Mines on dungeon level 4 with 31776 points, and 385 pieces of gold, after 2309 moves. You were level 5 with a maximum of 44 hit points when you died.